 Dungeon Crawl Stone Soup version 0.30-a0-368-g86fb4627a9 (webtiles) character file.

Game seed: 10251070695447818794

6843 qeuew the Skirmisher (level 11, 0/85 HPs)
             Began as a Gnoll Hunter on Nov 20, 2022.
             Was a Believer of Dithmenos.
             Slain by a wyvern (10 damage)
             ... on level 10 of the Dungeon.
             The game lasted 00:20:18 (10714 turns).

qeuew the Skirmisher (Gnoll Hunter)                Turns: 10714, Time: 00:20:18

Health: 0/85       AC:  9    Str:  9    XL:     11   Next: 6%
Magic:  20/20      EV: 15    Int:  8    God:    Dithmenos [**....]
Gold:   268        SH:  0    Dex: 22    Spells: 22/22 levels left

rFire   + . .      SeeInvis +    a - +1 shortbow (freeze)
rCold   + . .      Faith    .    (shield currently unavailable)
rNeg    . . .      Spirit   .    b - +0 ring mail
rPois   .          Reflect  .    (helmet restricted)
rElec   +          Harm     .    e - +2 cloak "Lefeni Tiss" {rElec Int-5 Dex+3 SInv}
rCorr   .          Rampage  .    (no gloves)
Will    .....                    (no boots)
Stlth   ++++......               (no amulet)
HPRegen 0.34/turn                i - ring of protection from fire
MPRegen 0.17/turn                n - ring of protection from cold

@: wreathed by umbra, studying 2 skills
A: fangs 1, strong nose, distributed training, antennae 1, clever 1, screaming 1
a: Renounce Religion, Shadow Step


You were on level 10 of the Dungeon.
You worshipped Dithmenos.
Dithmenos was pleased with you.
You visited 2 branches of the dungeon, and saw 11 of its levels.
You also visited: Sewer.

You collected 638 gold pieces.
You spent 370 gold pieces at shops.

Inventory:

Hand Weapons
 a - a +1 shortbow of freezing (weapon)
 q - a +1 vampiric dagger
Missiles
 s - a throwing net
Armour
 b - a +0 ring mail (worn)
 e - the +2 cloak "Lefeni Tiss" (worn) {rElec Int-5 Dex+3 SInv}
   (You bought it in a shop on level 8 of the Dungeon)

   Int:       It affects your intelligence (-5).
   Dex:       It affects your dexterity (+3).
   rElec:     It insulates you from electricity.
   SInv:      It lets you see invisible.
Jewellery
 i - a ring of protection from fire (left hand)
 n - a ring of protection from cold (right hand)
Wands
 c - a wand of paralysis (7)
 v - a wand of light (20)
Scrolls
 g - a scroll of brand weapon
 h - 8 scrolls of teleportation
 m - 2 scrolls of enchant weapon
 o - 2 scrolls of amnesia
 p - 2 scrolls of magic mapping
 u - a scroll of summoning
 w - a scroll of blinking
Potions
 d - 3 potions of curing
 j - 2 potions of brilliance
 k - a potion of flight
 r - 2 potions of magic
 t - a potion of heal wounds


   Skills:
 + Level 7.7 Fighting
 + Level 6.1 Short Blades
 + Level 6.1 Long Blades
 + Level 6.1 Axes
 + Level 6.1 Maces & Flails
 + Level 6.1 Polearms
 + Level 6.1 Staves
 + Level 10.5 Ranged Weapons
 + Level 6.1 Throwing
 + Level 6.1 Armour
 + Level 8.0 Dodging
 + Level 7.2 Stealth
 + Level 6.1 Shields
 + Level 6.1 Unarmed Combat
 + Level 6.1 Spellcasting
 + Level 5.0 Conjurations
 + Level 5.0 Hexes
 + Level 5.0 Summonings
 + Level 5.0 Necromancy
 + Level 5.0 Translocations
 + Level 5.0 Transmutations
 + Level 5.0 Fire Magic
 + Level 5.0 Ice Magic
 + Level 5.0 Air Magic
 + Level 5.0 Earth Magic
 + Level 5.0 Poison Magic
 + Level 6.7 Invocations
 + Level 6.1 Evocations


You had 22 spell levels left.
You didn't know any spells.
Your spell library contained the following spells:

 Spells                   Type           Power      Damage    Failure   Level
 Magic Dart               Conj           40%        1d5       7%          1
 Sandblast                Erth           20%        2d7       7%          1
 Summon Small Mammal      Summ           40%        N/A       7%          1
 Passwall                 Tmut/Erth      8%         N/A       11%         2
 Searing Ray              Conj           20%        2d5       11%         2
 Call Canine Familiar     Summ           10%        N/A       22%         3
 Portal Projectile        Hex/Tloc       20%        N/A       22%         3
 Stone Arrow              Conj/Erth      20%        3d8       22%         3
 Summon Guardian Golem    Hex/Summ       10%        N/A       22%         3
 Vhi's Electric Charge    Tloc/Air       20%        N/A       22%         3
 Fulminant Prism          Conj/Hex       5%         3d7       56%         4
 Leda's Liquefaction      Hex/Erth       5%         N/A       56%         4
 Arcjolt                  Conj/Air       5%         1d15      89%         5
 Iskenderun's Battlesphe  Conj           10%        2d6       89%         5
 Iron Shot                Conj/Erth      5%         9d2       100%        6
 Spellforged Servitor     Conj/Summ      5%         N/A       100%        7
 Maxwell's Capacitive Co  Air            5%         ∞         100%        8


Dungeon Overview and Level Annotations

Branches:
Dungeon (10/15)            Temple (1/1) D:6           Sewer (visited)
   Lair: D:8-11         Orc: D:9-12

Altars:
Ashenzari
Dithmenos
Elyvilon
Fedhas
Gozag
Kikubaaqudgha
Makhleb
Nemelex Xobeh
Okawaru
Qazlal
Ru
Sif Muna
Trog
Uskayaw
Xom
Yredelemnul
Zin

Shops:
D:8 [   D:9 [

Annotations:
D:8 3 runed translucent doors, iguanaiguana's ghost, journeyman MeFE


Innate Abilities, Weirdness & Mutations

You have very sharp teeth.
Your uncanny sense of smell can sniff out nearby items.
Your experience applies equally to all skills.
You have a pair of small antennae on your head.
Your mind is acute. (Int +4, Str/Dex -1)
You occasionally shout uncontrollably at your foes.


Message History

The arrow freezes the black bear.
The black bear is severely wounded.
An orc comes into view. It is wielding a +0 flail.
The orc warrior hits you from afar with a +0 trident!
* * * LOW HITPOINT WARNING * * *
The black bear bites you.
* * * LOW HITPOINT WARNING * * *
The black bear closely misses you.
The black bear claws you but does no damage.
Fire: a) +1 shortbow (freeze)
Press: ? - help, Q - select action, (/) - cycle Shift-Dir - straight line, f/p - black bear
Aim: a black bear (severely wounded, umbra, 76% to hit)
You shoot an arrow. The arrow hits the black bear!
The arrow freezes the black bear.
You kill the black bear!
Dithmenos accepts your kill. The wyvern misses you.
The orc warrior hits you from afar with a +0 trident.
* * * LOW HITPOINT WARNING * * *
The wyvern misses you.
Your Dodging skill increases to level 8!
Fire: a) +1 shortbow (freeze)
Press: ? - help, Q - select action, (/) - cycle Shift-Dir - straight line, f - wyvern
Aim: a wyvern (umbra, 71% to hit)
You shoot an arrow. The arrow barely misses the wyvern.
The wyvern bites you but does no damage.
An orc wizard comes into view. It is wielding a +0 dagger.
You howl at the orc wizard!
The orc warrior hits you from afar with a +0 trident.
* * * LOW HITPOINT WARNING * * *
You hear an angry hiss.
You hear a shout!
Fire: a) +1 shortbow (freeze)
Press: ? - help, Q - select action, (/) - cycle Shift-Dir - straight line, f/p - wyvern
Aim: a wyvern (umbra, 71% to hit)
You shoot an arrow. The arrow closely misses the wyvern.
The wyvern barely misses you.
The orc wizard gestures wildly while chanting.
The orc wizard flickers and vanishes for a moment.
The orc warrior misses you. The wyvern bites you!
You die...

###..#.##.### #.............
##.....#...#.###.#.#........##
#.#........#.#..###.....##.##
#.#........#..#####......#.#
#.##............#.......####
#.###...............###..#
##.#............O..## ###..#
###.##.....l......# ..# ##
##....)@.....## #..
#.###.o†.....## ∆ ## #.##
##o..>...... #. #....P......
.. #o...P.P..... ...
#..P...P....P. ....
.....P......... ...
......P..$....P.
......P..####PP.


You could see a two-headed ogre, an orc warrior, a wyvern, an orc wizard
(invisible) and an orc.

Vanquished Creatures
  Maurice (D:8)
  A shadow (D:9)
  A wyvern (D:9)
  3 yaks (D:9)
  2 steam dragons (D:8)
  3 water moccasins
  A sky beast (D:8)
  3 ice beasts
  2 ogres (D:6)
  3 orc warriors
  3 black bears
  4 centaurs
  9 kobold brigands
  6 scorpions
  5 bullfrogs
  11 wights
  14 killer bees
  9 howler monkeys
  2 centaur zombies (D:8)
  2 jellies
  3 orc priests
  A gnoll bouda (D:6)
  6 iguanas
  3 orc wizards (D:5)
  15 gnolls
  12 adders
  5 river rats (Sewer)
  A shadow imp (D:7)
  A white imp (D:7)
  6 worms
  18 orcs
  3 bats
  10 endoplasms
  3 giant cockroaches
  9 hobgoblins
  7 jackals
  24 kobolds
  3 quokkas
  11 ball pythons
  2 frilled lizards (D:1)
  8 goblins
  14 rats
250 creatures vanquished.

Vanquished Creatures (others)
  A wight (D:9)
  6 fungi (D:10)
  16 plants
23 creatures vanquished.

Grand Total: 273 creatures vanquished

Notes
Turn   | Place    | Note
-------+----------+-------------------------------------------
     0 | D:1      | qeuew the Gnoll Hunter began the quest for the Orb.
     0 | D:1      | Reached XP level 1. HP: 20/20 MP: 1/1
   172 | D:1      | Reached XP level 2. HP: 26/26 MP: 2/2
   726 | D:1      | Identified a scroll of acquirement
   726 | D:1      | Acquired the +2 cloak of the Thief {*Fog Slay-2 SInv
                  | Stlth+}
   726 | D:1      | Found the +2 cloak of the Thief {*Fog Slay-2 SInv Stlth+}
   812 | D:2      | Reached XP level 3. HP: 31/31 MP: 3/3
   953 | D:2      | Reached skill level 1 in Invocations
   969 | D:2      | Reached skill level 1 in Short Blades
   969 | D:2      | Reached skill level 1 in Long Blades
   969 | D:2      | Reached skill level 1 in Axes
   969 | D:2      | Reached skill level 1 in Maces & Flails
   969 | D:2      | Reached skill level 1 in Polearms
   969 | D:2      | Reached skill level 1 in Staves
   969 | D:2      | Reached skill level 1 in Throwing
   969 | D:2      | Reached skill level 1 in Armour
   969 | D:2      | Reached skill level 1 in Shields
   969 | D:2      | Reached skill level 1 in Unarmed Combat
   969 | D:2      | Reached skill level 1 in Spellcasting
   969 | D:2      | Reached skill level 1 in Evocations
  1248 | D:2      | Reached XP level 4. HP: 35/38 MP: 5/5
  1572 | D:3      | Reached skill level 1 in Conjurations
  1572 | D:3      | Reached skill level 1 in Hexes
  1572 | D:3      | Reached skill level 1 in Summonings
  1572 | D:3      | Reached skill level 1 in Necromancy
  1572 | D:3      | Reached skill level 1 in Translocations
  1572 | D:3      | Reached skill level 1 in Transmutations
  1572 | D:3      | Reached skill level 1 in Fire Magic
  1572 | D:3      | Reached skill level 1 in Ice Magic
  1572 | D:3      | Reached skill level 1 in Air Magic
  1572 | D:3      | Reached skill level 1 in Earth Magic
  1572 | D:3      | Reached skill level 1 in Poison Magic
  2045 | D:3      | Reached XP level 5. HP: 43/43 MP: 7/7
  2630 | D:4      | Noticed a black bear
  2637 | D:4      | Killed a black bear
  2638 | D:4      | Reached skill level 5 in Fighting
  2638 | D:4      | Reached skill level 5 in Dodging
  2638 | D:4      | Reached XP level 6. HP: 48/51 MP: 7/9
  2819 | D:5      | Entered Level 5 of the Dungeon
  2955 | D:5      | Found a glowing drain.
  2960 | D:5      | Reached XP level 7. HP: 55/56 MP: 10/10
  2978 | D:5      | Reached skill level 9 in Ranged Weapons
  2993 | Sewer    | Entered a sewer
  3492 | Sewer    | Reached XP level 8. HP: 63/63 MP: 12/12
  4117 | D:5      | Found a shimmering blue altar of Sif Muna.
  4124 | D:5      | Got Sif Muna's Compilation of Spelunking
  4420 | D:5      | Found a bloodstained altar of Trog.
  4632 | D:5      | Gained mutation: You have a pair of small antennae on your
                  | head. [potion of mutation]
  4632 | D:5      | Gained mutation: Your mind is acute. (Int +4, Str/Dex -1)
                  | [potion of mutation]
  4632 | D:5      | Gained mutation: You occasionally shout uncontrollably at
                  | your foes. [potion of mutation]
  4808 | D:6      | Reached XP level 9. HP: 69/69 MP: 14/14
  4970 | D:6      | Found a staircase to the Ecumenical Temple.
  5017 | Temple   | Entered the Ecumenical Temple
  5027 | Temple   | Became a worshipper of Dithmenos the Shadowed
  5910 | D:6      | Reached skill level 5 in Stealth
  6307 | D:6      | Reached skill level 5 in Invocations
  6619 | D:7      | Reached * piety under Dithmenos
  7006 | D:8      | Found Rideor's Armour Shoppe.
  7009 | D:8      | Bought the +2 cloak "Lefeni Tiss" {rElec Int-5 Dex+3 SInv}
                  | for 370 gold pieces
  7235 | D:8      | Reached skill level 5 in Short Blades
  7235 | D:8      | Reached skill level 5 in Long Blades
  7235 | D:8      | Reached skill level 5 in Axes
  7235 | D:8      | Reached skill level 5 in Maces & Flails
  7235 | D:8      | Reached skill level 5 in Polearms
  7235 | D:8      | Reached skill level 5 in Staves
  7235 | D:8      | Reached skill level 5 in Throwing
  7235 | D:8      | Reached skill level 5 in Armour
  7235 | D:8      | Reached skill level 5 in Shields
  7235 | D:8      | Reached skill level 5 in Unarmed Combat
  7235 | D:8      | Reached skill level 5 in Spellcasting
  7235 | D:8      | Reached skill level 5 in Evocations
  7235 | D:8      | Reached XP level 10. HP: 67/77 MP: 17/17
  7358 | D:8      | Reached skill level 10 in Ranged Weapons
  7587 | D:8      | Noticed Maurice
  7598 | D:8      | Killed Maurice
  8268 | D:8      | Found a runed translucent gate.
  8268 | D:8      | Found a runed translucent gate.
  8268 | D:8      | Found a runed translucent gate.
  8268 | D:8      | Noticed iguanaiguana's ghost (journeyman MeFE)
  8270 | D:8      | Found a basalt altar of Yredelemnul.
  8290 | D:8      | Reached ** piety under Dithmenos
  8761 | D:9      | Found an opulent altar of Gozag.
  8762 | D:9      | Found a burning altar of Makhleb.
  8762 | D:9      | Found a glowing silver altar of Zin.
  8763 | D:9      | Found a sparkling altar of Nemelex Xobeh.
  9823 | D:9      | Found Igocedal's Armour Emporium.
 10146 | D:9      | Found an ancient bone altar of Kikubaaqudgha.
 10225 | D:10     | Entered Level 10 of the Dungeon
 10225 | D:10     | Noticed a two-headed ogre
 10430 | D:9      | Reached skill level 5 in Conjurations
 10430 | D:9      | Reached skill level 5 in Hexes
 10430 | D:9      | Reached skill level 5 in Summonings
 10430 | D:9      | Reached skill level 5 in Necromancy
 10430 | D:9      | Reached skill level 5 in Translocations
 10430 | D:9      | Reached skill level 5 in Transmutations
 10430 | D:9      | Reached skill level 5 in Fire Magic
 10430 | D:9      | Reached skill level 5 in Ice Magic
 10430 | D:9      | Reached skill level 5 in Air Magic
 10430 | D:9      | Reached skill level 5 in Earth Magic
 10430 | D:9      | Reached skill level 5 in Poison Magic
 10430 | D:9      | Reached XP level 11. HP: 44/85 MP: 20/20
 10714 | D:10     | Slain by a wyvern

Illustrated notes

Levels and vault maps discovered:
D:1:      mrwooster_arrival_statue, layout_loops_ring, minivault_24, minivault_5
D:2:      minmay_alternating_diamond, layout_loops_cross
D:3:      layout_rooms, serial_bayou, serial_bayou_shore_b, serial_bayou_pond_e,
          serial_bayou_pond_c, serial_bayou_crossing
D:4:      layout_cave_pools, minmay_liquid_box
D:5:      layout_basic, nzn_overflow_gifts_of_might_and_magic,
          cheibrodos_sewer_entry_drain
D:6:      layout_basic, minmay_temple_entry_poolview
D:7:      layout_cave_pools
D:8:      layout_basic, nicolae_yredelemnul_ghost_church, serial_shops,
          nicolae_stop_n_shop_2, uniq_maurice
D:9:      layout_grid_maze, chequers_temple_overflow_statue_of_worship,
          mainiacjoe_overflow_small_starburst, serial_shops, shop,
          eino_small_chamber_without_monster, amethyst_killhole
D:10:     layout_big_octagon, grunt_lair_entry_orc_guard_hut,
          grunt_decor_one_mirror
Temple:   nicolae_temple_two_arcs

Skill      XL: |  1  2  3  4  5  6  7  8  9 10 11 |
---------------+----------------------------------+-----
Invocations    | 1 2 3 4 5 6 |  6.7
Short Blades   | 1 2 3 5 6 |  6.1
Long Blades    | 1 2 3 5 6 |  6.1
Axes           | 1 2 3 5 6 |  6.1
Maces & Flails | 1 2 3 5 6 |  6.1
Polearms       | 1 2 3 5 6 |  6.1
Staves         | 1 2 3 5 6 |  6.1
Throwing       | 1 2 3 5 6 |  6.1
Armour         | 1 2 3 5 6 |  6.1
Shields        | 1 2 3 5 6 |  6.1
Unarmed Combat | 1 2 3 5 6 |  6.1
Spellcasting   | 1 2 3 5 6 |  6.1
Evocations     | 1 2 3 5 6 |  6.1
Conjurations   | 1 2 3 4 5 |  5.0
Hexes          | 1 2 3 4 5 |  5.0
Summonings     | 1 2 3 4 5 |  5.0
Necromancy     | 1 2 3 4 5 |  5.0
Translocations | 1 2 3 4 5 |  5.0
Transmutations | 1 2 3 4 5 |  5.0
Fire Magic     | 1 2 3 4 5 |  5.0
Ice Magic      | 1 2 3 4 5 |  5.0
Air Magic      | 1 2 3 4 5 |  5.0
Earth Magic    | 1 2 3 4 5 |  5.0
Poison Magic   | 1 2 3 4 5 |  5.0
Fighting       | 5 6 7 |  7.7
Dodging        | 5 6 7 8 |  8.0
Stealth        | 3 4 5 7 |  7.2
Ranged Weapons | 9 10 | 10.5

Action                   |  1- 3 |  4- 6 |  7- 9 | 10-12 || total
-------------------------+-------+-------+-------+-------++-------
Melee: Dagger            |       |       |    75 |     9 ||    84
       Bite              |       |       |     7 |     1 ||     8
       Punch             |       |       |     3 |     1 ||     4
 Fire: Shortbow          |    96 |   183 |   461 |   352 ||  1092
  Use: Scroll            |     3 |     8 |     7 |     5 ||    23
       Potion            |     2 |     2 |     4 |     3 ||    11
Armor: Leather armour    |    19 |    42 |       |       ||    61
       Ring mail         |       |     3 |    95 |   101 ||   199
Dodge: Dodged            |    40 |   128 |   195 |   360 ||   723

Table legend: (Time is in decaauts)
 A = Elapsed time spent in this place.
 B = Non-inter-level travel time spent in this place.
 C = Inter-level travel time spent in this place.
 D = Time resting spent in this place.
 E = Time spent auto-exploring this place.
 F = Levels seen in this place.
 G = Mean time per level.
                   A        B        C        D        E       F      G
               +--------+--------+--------+--------+--------+-----+--------+
         Total |  11001 |  10572 |    429 |   1104 |   7485 |  12 |  916.8 |
       Dungeon |  10107 |   9686 |    421 |   1104 |   6812 |  10 | 1010.7 |
        Temple |     18 |     11 |      7 |      0 |      0 |   1 |   18.0 |
         Sewer |    875 |    875 |      0 |      0 |    673 |   1 |  875.0 |
               +--------+--------+--------+--------+--------+-----+--------+

Top non-repeatable levels by time:
     D:9: 1769 daAuts
     D:6: 1685 daAuts
     D:8: 1607 daAuts
     D:5: 1138 daAuts
   Sewer: 875 daAuts
     D:2: 802 daAuts
     D:1: 777 daAuts
     D:7: 773 daAuts
     D:3: 703 daAuts
     D:4: 584 daAuts
    D:10: 263 daAuts
  Temple: 18 daAuts
